APPY
KINGSPORT CHEROKEES @ JOHNSON CITY SOILDERS
06/21/1982
 
TOP OF THE 1ST
Kingsport Cherokees batting - Pitching for Johnson City Soilders : RHP Reggie Dobie
Pitching: RHP Reggie Dobie
Batting: SHB Terrence Derby 0-0: Ball
1-0: Called Strike
1-1: Ball
2-1: Swinging Strike
2-2: Strikes out swinging, 2-3 out at first.
Batting: RHB Joseph Kramer 0-0: Swinging Strike
0-1: Ball
1-1: Ball
2-1: Ball
3-1: Foul Ball, location: 2F
3-2: Strikes out swinging
Batting: LHB Ronald Davis 0-0: Ball
1-0: Ball
2-0: Foul Ball, location: 2F
2-1: Ball
3-1: Swinging Strike
3-2: Strikes out looking
Top of the 1st over - 0 runs, 0 hits, 0 errors, 0 left on base; Kingsport 0 - Johnson City 0
BOTTOM OF THE 1ST
Johnson City Soilders batting - Pitching for Kingsport Cherokees : RHP Ivan Vasquez
Pitching: RHP Ivan Vasquez
Batting: RHB Rich Amaral 0-0: Ball
1-0: Fly out, F8 (Flyball, 8LD, EV 90.6 MPH)
Batting: RHB Alejandro Sanchez 0-0: Fly out, F7 (Flyball, 78D, EV 93.1 MPH)
Batting: SHB Jeff Trout 0-0: Ball
1-0: Called Strike
1-1: Ball
2-1: Fly out, F9 (Flyball, 9S, EV 92.5 MPH)
Bottom of the 1st over - 0 runs, 0 hits, 0 errors, 0 left on base; Kingsport 0 - Johnson City 0
TOP OF THE 2ND
Kingsport Cherokees batting - Pitching for Johnson City Soilders : RHP Reggie Dobie
Batting: RHB James Hudson 0-0: Ground out 5-3 (Groundball, 56S, EV 76.9 MPH)
Batting: RHB Timothy Smith 0-0: Ball
1-0: Called Strike
1-1: Ball
2-1: Foul Ball, location: 2F
2-2: Ball
3-2: Base on Balls
Batting: LHB Peter Camelo 0-0: Called Strike
0-1: Foul Ball, location: 2F
0-2: Ball
1-2: Ball
2-2: Ball
3-2: Strikes out swinging
Batting: RHB Juan Baez 0-0: Foul Ball, location: 2F
0-1: Foul Ball, location: 2F
0-2: Strikes out swinging
Top of the 2nd over - 0 runs, 0 hits, 0 errors, 1 left on base; Kingsport 0 - Johnson City 0
BOTTOM OF THE 2ND
Johnson City Soilders batting - Pitching for Kingsport Cherokees : RHP Ivan Vasquez
Batting: LHB Steve Moses 0-0: Ball
1-0: Ground out 4-3 (Groundball, 4, EV 83.8 MPH)
Batting: RHB John Houston 0-0: Swinging Strike
0-1: Swinging Strike
0-2: SINGLE (Groundball, 6MD, EV 94.4 MPH)
Batting: RHB Thomas Mitchell 0-0: Ball
1-0: Fly out, F8 (Line Drive, 8LD, EV 87.5 MPH)
Batting: SHB Claudio Brito 0-0: Ball
1-0: Ball
2-0: Ball
3-0: Called Strike
3-1: Foul Ball, location: 2F
3-2: Foul Ball, location: 2F
3-2: Base on Balls
John Houston to second
Batting: RHB Victor Gonzalez 0-0: Fly out, F8 (Flyball, 8LD, EV 93.1 MPH)
Bottom of the 2nd over - 0 runs, 1 hit, 0 errors, 2 left on base; Kingsport 0 - Johnson City 0
TOP OF THE 3RD
Kingsport Cherokees batting - Pitching for Johnson City Soilders : RHP Reggie Dobie
Batting: RHB Glenn Edwards 0-0: Called Strike
0-1: Called Strike
0-2: Ground out U3 (Groundball, 23, EV 84.4 MPH)
Batting: RHB Jose Sanchez 0-0: Fly out, F9 (Flyball, 9D, EV 83.8 MPH)
Batting: SHB Terrence Derby 0-0: Ball
1-0: Ball
2-0: Ball
3-0: Base on Balls
Batting: RHB Joseph Kramer 0-0: Swinging Strike
0-1: Ball
1-1: Called Strike
1-2: Ball
2-2: 2-RUN HOME RUN (Flyball, 89XD, EV 109.4 MPH), Distance : 406 ft
Batting: LHB Ronald Davis 0-0: Ball
1-0: Called Strike
1-1: Ground out 6-3 (Groundball, 6, EV 83.1 MPH)
Top of the 3rd over - 2 runs, 1 hit, 0 errors, 0 left on base; Kingsport 2 - Johnson City 0
BOTTOM OF THE 3RD
Johnson City Soilders batting - Pitching for Kingsport Cherokees : RHP Ivan Vasquez
Batting: SHB Victor Davila 0-0: Ball
1-0: Fly out, F3 (Popup, 3, EV 71.3 MPH)
Batting: RHB Rich Amaral 0-0: Ball
1-0: Called Strike
1-1: Foul Ball, location: 2F
1-2: Ball
2-2: Ball
3-2: Foul Ball, location: 2F
3-2: Ground out 5-3 (Groundball, 56S, EV 66.9 MPH)
Batting: RHB Alejandro Sanchez 0-0: Called Strike
0-1: Swinging Strike
0-2: Ball
1-2: Foul Ball, location: 2F
1-2: Ball
2-2: Foul Ball, location: 2F
2-2: Strikes out swinging
Bottom of the 3rd over - 0 runs, 0 hits, 0 errors, 0 left on base; Kingsport 2 - Johnson City 0
TOP OF THE 4TH
Kingsport Cherokees batting - Pitching for Johnson City Soilders : RHP Reggie Dobie
Batting: RHB James Hudson 0-0: Ball
1-0: Ball
2-0: Ball
3-0: Called Strike
3-1: Base on Balls
Batting: RHB Timothy Smith 0-0: Ball
1-0: Called Strike
1-1: Foul Ball, location: 2F
1-2: Ball
2-2: Strikes out swinging
Batting: LHB Peter Camelo 0-0: Called Strike
0-1: Ball
1-1: Foul Ball, location: 2F
1-2: Fielders Choice at 2nd, 1-4 (Groundball, 15S, EV 66.9 MPH)
Batting: RHB Juan Baez 0-0: Called Strike
0-1: Foul Ball, location: 2F
0-2: Foul Ball, location: 2F
0-2: Strikes out swinging
Top of the 4th over - 0 runs, 0 hits, 0 errors, 1 left on base; Kingsport 2 - Johnson City 0
BOTTOM OF THE 4TH
Johnson City Soilders batting - Pitching for Kingsport Cherokees : RHP Ivan Vasquez
Batting: SHB Jeff Trout 0-0: Called Strike
0-1: Called Strike
0-2: Ball
1-2: Ball
2-2: Fly out, F8 (Line Drive, 8LM, EV 98.8 MPH)
Batting: LHB Steve Moses 0-0: Ball
1-0: Ball
2-0: Called Strike
2-1: Ball
3-1: Swinging Strike
3-2: Ground out U3 (Groundball, 3, EV 86.9 MPH)
Batting: RHB John Houston 0-0: Foul Ball, location: 2F
0-1: Ball
1-1: Ball
2-1: Foul Ball, location: 2F
2-2: Foul Ball, location: 2F
2-2: Ground out 6-3 (Groundball, 6M, EV 104.4 MPH)
Bottom of the 4th over - 0 runs, 0 hits, 0 errors, 0 left on base; Kingsport 2 - Johnson City 0
TOP OF THE 5TH
Kingsport Cherokees batting - Pitching for Johnson City Soilders : RHP Reggie Dobie
Batting: RHB Glenn Edwards 0-0: Called Strike
0-1: Ball
1-1: Ball
2-1: Fly out, F7 (Flyball, 7LD, EV 100.0 MPH)
Batting: RHB Jose Sanchez 0-0: Fly out, F4 (Popup, 4, EV 65.6 MPH)
Batting: SHB Terrence Derby 0-0: Foul Ball, location: 2F
0-1: Called Strike
0-2: Ball
1-2: SINGLE (Groundball, 6MS, EV 86.9 MPH) (infield hit)
Batting: RHB Joseph Kramer 0-0: Ball
1-0: Called Strike
1-1: Ball
2-1: Ball
3-1: Base on Balls
Terrence Derby to second
Batting: LHB Ronald Davis 0-0: Ball
1-0: Foul Ball, location: 2F
1-1: Ball
2-1: Ball
3-1: Base on Balls
Terrence Derby to third
Joseph Kramer to second
Batting: RHB James Hudson 0-0: Ball
1-0: Ball
2-0: Ball
3-0: Base on Balls
Terrence Derby scores
Joseph Kramer to third
Ronald Davis to second
Batting: RHB Timothy Smith 0-0: Ball
1-0: Ball
2-0: Fly out, F7 (Flyball, 7D, EV 93.8 MPH)
Top of the 5th over - 1 run, 1 hit, 0 errors, 3 left on base; Kingsport 3 - Johnson City 0
BOTTOM OF THE 5TH
Johnson City Soilders batting - Pitching for Kingsport Cherokees : RHP Ivan Vasquez
Batting: RHB Thomas Mitchell 0-0: Fly out, F9 (Flyball, 9LD, EV 95.0 MPH)
Batting: SHB Claudio Brito 0-0: Ball
1-0: Fly out, F6 (Popup, 6D, EV 66.3 MPH)
Batting: RHB Victor Gonzalez 0-0: Ball
1-0: Fly out, F5 (Popup, 56, EV 64.4 MPH)
Bottom of the 5th over - 0 runs, 0 hits, 0 errors, 0 left on base; Kingsport 3 - Johnson City 0
TOP OF THE 6TH
Kingsport Cherokees batting - Pitching for Johnson City Soilders : RHP Reggie Dobie
Batting: LHB Peter Camelo 0-0: Swinging Strike
0-1: Foul Ball, location: 2F
0-2: Ball
1-2: Fly out, F5 (Popup, 5, EV 59.4 MPH)
Batting: RHB Juan Baez 0-0: Called Strike
0-1: Ball
1-1: Ball
2-1: Ball
3-1: Swinging Strike
3-2: Ground out 6-3 (Groundball, 6, EV 98.1 MPH)
Batting: RHB Glenn Edwards 0-0: Called Strike
0-1: Ball
1-1: Foul Ball, location: 2F
1-2: Fly out, F8 (Flyball, 8RS, EV 89.4 MPH)
Top of the 6th over - 0 runs, 0 hits, 0 errors, 0 left on base; Kingsport 3 - Johnson City 0
BOTTOM OF THE 6TH
Johnson City Soilders batting - Pitching for Kingsport Cherokees : RHP Ivan Vasquez
Batting: SHB Victor Davila 0-0: Ball
1-0: Ball
2-0: Ball
3-0: Called Strike
3-1: Base on Balls
Batting: RHB Rich Amaral 0-0: Called Strike
0-1: Ball
1-1: Swinging Strike
1-2: Strikes out swinging
Batting: RHB Alejandro Sanchez 0-0: Ball
1-0: Swinging Strike
1-1: Ball
2-1: Swinging Strike
2-2: Strikes out swinging
Batting: SHB Jeff Trout 0-0: Foul Ball, location: 2F
0-1: Foul Ball, location: 2F
0-2: Ball
1-2: Foul Ball, location: 2F
1-2: Ball
2-2: Foul Ball, location: 2F
2-2: Foul Ball, location: 2F
2-2: Foul Ball, location: 2F
2-2: Ground out 4-3 (Groundball, 4, EV 86.9 MPH)
Bottom of the 6th over - 0 runs, 0 hits, 0 errors, 1 left on base; Kingsport 3 - Johnson City 0
TOP OF THE 7TH
Kingsport Cherokees batting - Pitching for Johnson City Soilders : RHP Reggie Dobie
Batting: RHB Jose Sanchez 0-0: DOUBLE (Line Drive, 78D, EV 108.8 MPH)
Batting: SHB Terrence Derby 0-0: Intentional Walk
Batting: RHB Joseph Kramer 0-0: Ball
1-0: Called Strike
1-1: Ball
2-1: Ball
3-1: Called Strike
3-2: Fielders Choice at 2nd, 3-6 (Groundball, 3S, EV 86.3 MPH)
Jose Sanchez to third
Batting: LHB Ronald Davis 0-0: SINGLE (Groundball, 3, EV 95.0 MPH)
Jose Sanchez scores
Joseph Kramer to second
Runner from 2nd tries for 3rd, SAFE, no throw by RF
Batting: RHB James Hudson 0-0: SINGLE (Groundball, 6MD, EV 103.1 MPH)
Joseph Kramer scores
Ronald Davis to second
Pitching: LHP Bob Gunnarsson
Batting: RHB Timothy Smith 0-0: Ball
1-0: Foul Ball, location: 2F
1-1: Foul Ball, location: 2F
1-2: Grounds into double play, 6-4-3 (Groundball, 6, EV 101.3 MPH)
Top of the 7th over - 2 runs, 3 hits, 0 errors, 1 left on base; Kingsport 5 - Johnson City 0
BOTTOM OF THE 7TH
Johnson City Soilders batting - Pitching for Kingsport Cherokees : RHP Ivan Vasquez
Batting: LHB Steve Moses 0-0: Ground out 1-3 (Groundball, 13, EV 68.8 MPH)
Batting: RHB John Houston 0-0: Ball
1-0: Called Strike
1-1: Foul Ball, location: 2F
1-2: Ball
2-2: Ball
3-2: Base on Balls
Batting: RHB Thomas Mitchell 0-0: Called Strike
John Houston steals 2nd base
0-1: Ball
1-1: Fly out, F7 (Flyball, 7LM, EV 96.3 MPH)
Batting: SHB Claudio Brito 0-0: Ball
1-0: Ball
2-0: Ball
3-0: Called Strike
3-1: Swinging Strike
3-2: Foul Ball, location: 2F
3-2: Strikes out swinging
Bottom of the 7th over - 0 runs, 0 hits, 0 errors, 1 left on base; Kingsport 5 - Johnson City 0
TOP OF THE 8TH
Kingsport Cherokees batting - Pitching for Johnson City Soilders : LHP Bob Gunnarsson
Batting: LHB Peter Camelo 0-0: Called Strike
0-1: Ball
1-1: Ball
2-1: Ball
3-1: Called Strike
3-2: Fly out, F9 (Flyball, 89M, EV 78.8 MPH)
Batting: RHB Juan Baez 0-0: Ball
1-0: Ball
2-0: Called Strike
2-1: Foul Ball, location: 2F
2-2: Ground out 3-1 (Groundball, 34S, EV 94.4 MPH)
Batting: RHB Glenn Edwards 0-0: Ball
1-0: Swinging Strike
1-1: Ball
2-1: Foul Ball, location: 2F
2-2: Ball
3-2: Strikes out swinging
Top of the 8th over - 0 runs, 0 hits, 0 errors, 0 left on base; Kingsport 5 - Johnson City 0
BOTTOM OF THE 8TH
Johnson City Soilders batting - Pitching for Kingsport Cherokees : RHP Ivan Vasquez
Batting: RHB Victor Gonzalez 0-0: Foul Ball, location: 2F
0-1: Ball
1-1: Swinging Strike
1-2: Ground out 5-3 (Groundball, 56S, EV 88.8 MPH)
Batting: SHB Victor Davila 0-0: Ball
1-0: Ground out 6-3 (Groundball, 56, EV 83.8 MPH)
Batting: RHB Rich Amaral 0-0: Called Strike
0-1: Ball
1-1: Ball
2-1: Called Strike
2-2: Foul Ball, location: 2F
2-2: Strikes out swinging
Bottom of the 8th over - 0 runs, 0 hits, 0 errors, 0 left on base; Kingsport 5 - Johnson City 0
TOP OF THE 9TH
Kingsport Cherokees batting - Pitching for Johnson City Soilders : LHP Bob Gunnarsson
Batting: RHB Jose Sanchez 0-0: Called Strike
0-1: Foul Ball, location: 2F
0-2: Ball
1-2: Strikes out swinging
Batting: SHB Terrence Derby 0-0: Ball
1-0: Called Strike
1-1: Ball
2-1: Foul Ball, location: 2F
2-2: Ball
3-2: Fly out, F8 (Flyball, 8LD, EV 86.3 MPH)
Batting: RHB Joseph Kramer 0-0: Ball
1-0: Fly out, F8 (Line Drive, 8LD, EV 91.3 MPH)
Top of the 9th over - 0 runs, 0 hits, 0 errors, 0 left on base; Kingsport 5 - Johnson City 0
BOTTOM OF THE 9TH
Johnson City Soilders batting - Pitching for Kingsport Cherokees : RHP Ivan Vasquez
Batting: RHB Alejandro Sanchez 0-0: Called Strike
0-1: Ground out 5-3 (Groundball, 56, EV 83.8 MPH)
Batting: SHB Jeff Trout 0-0: Ball
1-0: Ball
2-0: Called Strike
2-1: Called Strike
2-2: Foul Ball, location: 2F
2-2: SINGLE (Groundball, 56D, EV 96.3 MPH)
Pitching: RHP Doug Drabek
Batting: LHB Steve Moses 0-0: Ball
1-0: Foul Ball, location: 2F
1-1: Ball
2-1: Foul Ball, location: 2F
2-2: Foul Ball, location: 2F
2-2: Strikes out swinging
Batting: RHB John Houston 0-0: Ball
1-0: Foul Ball, location: 2F
1-1: Called Strike
1-2: Ball
2-2: Fly out, F9 (Flyball, 9S, EV 73.1 MPH)
Bottom of the 9th over - 0 runs, 1 hit, 0 errors, 1 left on base; Kingsport 5 - Johnson City 0
Monday, August 10th, 2020 - OOTP Baseball 21.5 Build 76